 Dungeon Crawl Stone Soup version 0.20-a0-957-g47ad1fd (webtiles) character file.

2706 HeyBub the Blocker (level 9, -4/70 HPs)
             Began as a Minotaur Fighter on Apr 5, 2017.
             Was a Priest of Makhleb.
             Slain by a death yak (9 damage)
             ... on level 7 of the Dungeon.
             The game lasted 00:11:55 (6323 turns).

HeyBub the Blocker (Minotaur Fighter)               Turns: 6323, Time: 00:11:56

Health: -4/70      AC: 23    Str: 23    XL:     9   Next: 39%
Magic:  11/11      EV:  3    Int:  5    God:    Makhleb [***...]
Gold:   548        SH: 12    Dex: 11    Spells: 8/8 levels left

rFire    x . .     SeeInvis .   a - +0 long sword
rCold    + . .     Gourm    .   c - +0 shield
rNeg     . . .     Faith    .   y - +4 crystal plate armour
rPois    .         Spirit   .   (helmet restricted)
rElec    .         Reflect  .   (no cloak)
rCorr    +         Harm     .   (no gloves)
MR       .....                  (no boots)
Stlth    ..........             (no amulet)
Regen    0.3/turn               m - ring of ice
MPRegen  0.2/turn               K - ring of resist corrosion

@: no status effects
A: retaliatory headbutt, horns 2
a: Minor Destruction, Lesser Servant of Makhleb, Renounce Religion


You were on level 7 of the Dungeon.
You worshipped Makhleb.
Makhleb was most pleased with you.
You were hungry.

You visited 2 branches of the dungeon, and saw 9 of its levels.
You also visited: Ossuary.

You collected 653 gold pieces.
You spent 105 gold pieces at shops.

Inventory:

Hand Weapons
 a - a +0 long sword (weapon)
Armour
 b - a +0 scale mail
 c - a +0 shield (worn)
 y - a +4 crystal plate armour (worn)
Jewellery
 m - a ring of ice (left hand)
 I - an uncursed ring of ice
 K - a ring of resist corrosion (right hand)
Wands
 t - a wand of polymorph (14/24)
 M - a wand of disintegration (13/24)
Scrolls
 e - 4 scrolls of identify {unknown}
 g - 2 scrolls of amnesia {unknown}
 i - 7 scrolls of remove curse {unknown}
 j - 4 scrolls of fear {unknown}
 q - 3 scrolls of fog {unknown}
 r - 3 scrolls of magic mapping {unknown}
 v - 5 scrolls of teleportation {unknown}
 x - a scroll of blinking {unknown}
 B - a scroll of random uselessness {unknown}
 C - 2 scrolls of immolation {unknown}
 D - 3 scrolls of recharging {unknown}
 L - a scroll of enchant armour
Potions
 d - 5 potions of lignification {unknown}
 n - 4 potions of curing {unknown}
 o - 2 potions of heal wounds {unknown}
 p - 2 potions of invisibility {unknown}
 s - 2 potions of magic {unknown}
 w - 2 potions of agility {unknown}
 z - 2 potions of cancellation {unknown}
 A - a potion of mutation {unknown}
 E - a potion of brilliance {unknown}
 F - 2 potions of degeneration {unknown}
 G - a potion of flight {unknown}
 H - a potion of resistance {unknown}
Books
 k - a book of Callings

   Spells                             Type                      Level
   a - Summon Small Mammal            Summoning                    1
   b - Call Imp                       Summoning                    2
   c - Call Canine Familiar           Summoning                    3
   d - Summon Guardian Golem          Hexes/Summoning              3
   e - Summon Lightning Spire         Summoning/Air                4
   f - Summon Ice Beast               Ice/Summoning                4
 J - a book of Necromancy

   Spells                             Type                      Level
   a - Pain                           Necromancy                   1
   b - Animate Skeleton               Necromancy                   1
   c - Vampiric Draining              Necromancy                   3
   d - Regeneration                   Charms/Necromancy            3
   e - Animate Dead                   Necromancy                   4
   f - Control Undead                 Necromancy                   4
Comestibles
 f - 2 bread rations
 h - 6 royal jellies
 l - 2 meat rations
 u - a fruit


   Skills:
 - Level 3.6 Fighting
 - Level 7.5 Long Blades
 - Level 8.0 Armour
 - Level 0.4 Dodging
 - Level 10.3 Shields
 + Level 5.1 Invocations


You had 8 spell levels left.
You didn't know any spells.

Dungeon Overview and Level Annotations

Branches:
Dungeon (8/15)             Temple (1/1) D:4
   Lair: D:8-11

Altars:
Ashenzari
Cheibriados
Dithmenos
Elyvilon
Fedhas
Gozag
Hepliaklqana
Kikubaaqudgha
Makhleb
Nemelex Xobeh
Okawaru
Ru
Sif Muna
Trog
Vehumet
Wu Jian
Xom
Yredelemnul
Zin
The Shining One

Shops:
D:6 ?


Innate Abilities, Weirdness & Mutations

You reflexively headbutt those who attack you in melee.
You have a pair of horns on your head.


Message History

You hit the death yak but do no damage.
The death yak is lightly wounded.
You block the death yak's attack.
Your crystal plate armour prevents you from hitting the death yak.
The death yak is lightly wounded.
The death yak gores you but does no damage.
You hit the death yak but do no damage.
The death yak is lightly wounded.
You block the death yak's attack.
Your crystal plate armour prevents you from hitting the death yak.
The death yak is lightly wounded.
You block the death yak's attack.
You hit the death yak.
The death yak is lightly wounded.
You block the death yak's attack. The death yak gores you!
* * * LOW HITPOINT WARNING * * *
You hit the death yak but do no damage.
The death yak is lightly wounded.
The death yak gores you!
You die...

##..<..##
#.#...#####
#.........#
##........#
#....######
##.######..## #####
#..# ##....#
....####..# ##.....#
......##..# #...@..#
..........###..Y...#
..........##.......#
..........##..†....#
.........###.......#
.........###.......#
.......##.##.......#
##.....###........##
####### ##.......#


You could see a death yak.

Vanquished Creatures
  Prince Ribbit (D:7)
  Sigmund (D:6)
  A porcupine (D:8)
  Duvessa (D:6)
  2 orc warriors
  A black bear (D:6)
  A phantom (D:6)
  4 ogres
  Blork the orc (D:6)
  2 bullfrogs
  Dowan (D:6)
  5 scorpions
  A centaur zombie (D:6)
  A crimson imp (D:5)
  2 jellies (D:5)
  2 orc priests (D:6)
  A bullfrog zombie (D:7)
  A bullfrog skeleton (D:7)
  Ijyb (D:2)
  An iguana (D:7)
  A gnoll shaman (D:5)
  7 orc wizards
  3 worker ants
  A hound skeleton (D:5)
  9 mummies
  4 gnolls (D:5)
  10 adders
  A river rat (D:5)
  A shadow imp (D:6)
  An ooze (D:2)
  4 adder skeletons
  3 worms
  6 dart slugs
  4 leopard geckos
  21 orcs
  5 bats
  2 bat zombies (D:4)
  6 giant cockroaches
  14 goblins
  5 hobgoblins
  16 jackals
  11 kobolds
  6 quokkas
  4 ball pythons
  10 frilled lizards
  2 gnoll zombies (Ossuary)
  2 hobgoblin zombies (Ossuary)
  A kobold zombie (Ossuary)
  A leopard gecko skeleton (D:4)
  A leopard gecko zombie (D:5)
  3 orc zombies (Ossuary)
  A quokka skeleton (D:5)
  13 rats
  2 rat zombies (D:4)
212 creatures vanquished.

Vanquished Creatures (others)
  A quokka (D:6)
1 creature vanquished.

Grand Total: 213 creatures vanquished

Notes
Turn   | Place    | Note
-------+----------+-------------------------------------------
     0 | D:1      | HeyBub the Minotaur Fighter began the quest for the Orb.
     0 | D:1      | Reached XP level 1. HP: 19/19 MP: 0/0
    74 | D:1      | Reached XP level 2. HP: 25/26 MP: 1/1
   327 | D:1      | Reached XP level 3. HP: 27/31 MP: 2/2
   935 | D:2      | Reached skill level 5 in Long Blades
  1120 | D:2      | Reached XP level 4. HP: 39/39 MP: 3/3
  1262 | D:2      | Noticed Ijyb
  1275 | D:2      | Killed Ijyb
  1437 | D:2      | Found an opulent altar of Gozag.
  1658 | D:3      | Reached XP level 5. HP: 42/45 MP: 4/4
  2499 | D:4      | Found a staircase to the Ecumenical Temple.
  2557 | Temple   | Entered the Ecumenical Temple
  2564 | Temple   | Became a worshipper of Makhleb the Destroyer
  2591 | D:4      | Found a blossoming altar of Fedhas.
  2654 | D:4      | Reached skill level 4 in Shields
  2654 | D:4      | Reached XP level 6. HP: 48/51 MP: 5/5
  2711 | D:4      | Reached skill level 5 in Shields
  2836 | D:4      | Found an ancient bone altar of Kikubaaqudgha.
  2942 | D:4      | Reached XP level 7. HP: 57/57 MP: 6/6
  2948 | D:5      | Entered Level 5 of the Dungeon
  2962 | D:5      | Reached * piety under Makhleb
  2962 | D:5      | Reached skill level 5 in Armour
  3182 | D:5      | Reached skill level 6 in Shields
  3417 | D:5      | Found a sand-covered staircase.
  3429 | Ossuary  | Entered an ossuary
  3813 | D:5      | Found an iron altar of Okawaru.
  3818 | D:5      | Reached skill level 7 in Shields
  4151 | D:5      | Reached XP level 8. HP: 64/64 MP: 7/7
  4153 | D:5      | Reached ** piety under Makhleb
  4312 | D:6      | Found a bloodstained altar of Trog.
  4520 | D:6      | Reached skill level 8 in Shields
  4543 | D:6      | Reached skill level 9 in Shields
  4638 | D:6      | Noticed Duvessa
  4642 | D:6      | Noticed Dowan
  4652 | D:6      | Killed Duvessa
  4678 | D:6      | Killed Dowan
  4678 | D:6      | Reached skill level 10 in Shields
  4757 | D:6      | Noticed Blork the orc
  4758 | D:6      | Noticed Sigmund
  4793 | D:6      | Killed Sigmund
  4805 | D:6      | Killed Blork the orc
  4921 | D:6      | Found a white marble altar of Elyvilon.
  4990 | D:6      | Reached XP level 9. HP: 70/70 MP: 8/8
  5026 | D:6      | Found Pommeze's Magic Scroll Boutique.
  5150 | D:6      | Reached skill level 1 in Invocations
  5247 | D:6      | Bought a scroll of enchant armour for 105 gold pieces
  5289 | D:7      | Noticed Prince Ribbit
  5337 | D:7      | Reached *** piety under Makhleb
  5877 | D:7      | Found a shattered altar of Ashenzari.
  6161 | D:7      | Killed Prince Ribbit
  6255 | D:8      | Noticed a death yak
  6259 | D:8      | Noticed a death yak
  6260 | D:8      | Noticed a death yak
  6264 | D:8      | Reached skill level 5 in Invocations
  6301 | D:8      | Noticed a two-headed ogre
  6323 | D:7      | Slain by a death yak

Vault maps used:
D:1:      minmay_arrival_nine_rooms, minmay_pentomino_r4
D:2:      kennysheep_goblin_castle, overflow_temple_1_default
D:4:      lemuel_zombie_altar_kikubaaqudgha, temple_doors_cd, fedhas_altar_2
D:5:      okawaru_metal_pillars_1_2, portal_sewer_entry_a, first_bread,
          gup_ossuary_entry_pyramid
D:6:      elyvilon_altar_4, nicolae_overflow_hidden_temple, serial_shops, shop,
          uniq_sigmund, uniq_blork_the_orc, uniq_duvessa
D:7:      basic_altar, uniq_prince_ribbit1
D:8:      dpeg_lair_monsters
Temple:   nicolae_temple_no_exploring_needed
Ossuary:  ossuary_tomb_3

Skill      XL: |  1  2  3  4  5  6  7  8  9 |
---------------+----------------------------+-----
Long Blades    | 3 4 5 6 7 |  7.5
Shields        | 4 5 7 10 | 10.3
Armour         | 4 6 8 |  8.0
Invocations    | 5 |  5.1
Fighting       | |  3.6
Dodging        | |  0.4

Action                   |  1- 3 |  4- 6 |  7- 9 || total
-------------------------+-------+-------+-------++-------
Melee: Long sword        |    95 |   183 |   482 ||   760
       Headbutt          |    14 |    24 |   102 ||   140
       Unarmed           |       |     5 |       ||     5
  Use: Potion            |       |       |     2 ||     2
       Scroll            |       |       |     4 ||     4
  Eat: Chunk             |       |     7 |    11 ||    18
Armor: Scale mail        |    38 |    42 |       ||    80
       Skin              |       |     2 |       ||     2
       Crystal plate arm |       |    39 |   313 ||   352
Dodge: Dodged            |    21 |    32 |    44 ||    97
Block: Shield            |    27 |    94 |   296 ||   417
       Rpst.: Long sword |     4 |    10 |    10 ||    24
